 Dungeon Crawl Stone Soup version 0.31-a0-233-g139696dc86 (webtiles) character file.

Game seed: 12884318256638233850

1033 qw the Skirmisher (level 8, 0/70 HPs)
             Began as a Minotaur Hexslinger on July 8, 2023.
             Slain by an ogre
             ... wielding a +0 giant club
              (27 damage)
             ... on level 5 of the Dungeon.
             The game lasted 00:01:24 (3472 turns).

qw the Skirmisher (Minotaur Hexslinger)             Turns: 3472, Time: 00:01:24

Health: 0/70       AC:  5    Str: 14    XL:     8   Next: 3%
Magic:  8/8        EV: 11    Int: 10    God:
Gold:   194        SH:  0    Dex: 14    Spells: 8/9 levels left

rFire   . . .        e - +1 sling (heavy)
rCold   . . .        (no shield)
rNeg    . . .        b - +0 ring mail
rPois   .            (helmet restricted)
rElec   .            (no cloak)
rCorr   .            (no gloves)
SInv    +            (no boots)
Will    .....        (no amulet)
Stlth   +            k - ring of see invisible
HPRegen 0.31/turn    h - +4 ring of slaying {mikee}
MPRegen 0.11/turn

%: no passive effects
@: lethally poisoned (0 -> -2)
A: horns 2, retaliatory headbutt
a: no special abilities


You were on level 5 of the Dungeon.
You visited 1 branch of the dungeon, and saw 5 of its levels.

You collected 224 gold pieces.
You spent 30 gold pieces at shops.


Innate Abilities, Weirdness & Mutations

You have a pair of horns on your head.
You reflexively headbutt those who attack you in melee.


   Skills:
 - Level 5.6 Fighting
 + Level 8.9 Ranged Weapons
 - Level 1.8 Armour
 - Level 2.1 Dodging
 - Level 1.0 Spellcasting
 - Level 2.0 Hexes


You had 8 spell levels left.
You knew the following spells:

 Your Spells              Type           Power      Damage    Failure   Level
a - Slow                  Hex            16%        N/A       30%         1

Your spell library contained the following spells:

 Spells                   Type           Power      Damage    Failure   Level
 Inner Flame              Hex/Fire       2%         N/A       80%         3
 Portal Projectile        Hex/Tloc       4%         N/A       80%         3
 Cause Fear               Hex            2%         N/A       96%         4

Inventory:

Hand Weapons
 e - a +1 heavy sling (weapon)
Armour
 b - a +0 ring mail (worn)
 f - a +0 pair of boots
Jewellery
 a - a ring of resist corrosion
 h - a +4 ring of slaying (right hand) {mikee}
 k - a ring of see invisible (left hand)
Scrolls
 c - a scroll of identify
Potions
 d - a potion of invisibility {unknown}
 g - a potion of enlightenment {unknown}
 i - a potion of heal wounds {unknown}
 j - a potion of mutation {unknown}

Dungeon Overview and Level Annotations

Branches:
Dungeon (5/15)
 Temple: D:4-7

Altars:
Gozag
Sif Muna

Shops:
D:2 ?


Message History

The orc wizard flickers and vanishes for a moment.
You shoot a sling bullet.
The sling bullet closely misses the orc.
The sling bullet misses the orc wizard.
A scorpion comes into view.
The orc drinks a potion.
The orc goes berserk!
You shoot a sling bullet. The sling bullet hits the orc!!
You kill the orc!
The orc barely misses you.
The orc wizard hits you with a +0 dagger.
The orc hits you with a +0 flail.
You shoot a sling bullet. The sling bullet hits the orc wizard.
The orc wizard is almost dead.
The orc barely misses you.
The orc wizard points at you and mumbles some strange words.
You resist with some effort.
You shoot a sling bullet. The sling bullet hits the orc wizard.
You kill the orc wizard!
The orc misses you. You furiously retaliate!
You headbutt the orc!
You kill the orc!
The ogre closely misses you.
You shoot a sling bullet.
The sling bullet barely misses the scorpion.
The scorpion stings you. x2
You are poisoned.
The scorpion poisons you! The ogre hits you with a +0 giant club!
You shoot a sling bullet. The sling bullet hits the scorpion!
The scorpion is moderately wounded.
You feel very sick. The scorpion closely misses you.
The ogre barely misses you. The scorpion stings you.
You shoot a sling bullet. The sling bullet hits the scorpion.
The scorpion is heavily wounded.
You feel sick. The scorpion misses you. The ogre closely misses you.
The scorpion stings you.
You shoot a sling bullet. The sling bullet hits the scorpion.
The scorpion is severely wounded.
You feel sick. The scorpion stings you.
The ogre hits you with a +0 giant club!!
You die...

#....#..####.#.........###.
. ###....#............###.#.
..#.##......................
............................
.......)........... .......
......)............ .......
.......%.#.)....... .....#.
........##......... .....#.
..)#....##O@....... ......#
..####....s)###.... ..... .
........# ... .. ......... #
........... ..........
........... ...........


You could see an ogre and a scorpion.

Vanquished Creatures
  Grinder (D:3)
  Prince Ribbit (D:5)
  2 ogres
  2 hounds (D:5)
  A jelly (D:4)
  A gnoll bouda (D:5)
  3 orc wizards
  Natasha (D:3)
  7 gnolls
  4 adders
  A worm (D:4)
  5 dart slugs
  21 orcs
  9 ball pythons
  9 endoplasms
  7 giant cockroaches
  5 goblins
  12 hobgoblins
  6 kobolds
  4 quokkas
  4 bats
  3 frilled lizards
  10 rats
119 creatures vanquished.

Notes
Turn   | Place    | Note
-------+----------+-------------------------------------------
     0 | D:1      | qw the Minotaur Hexslinger began the quest for the Orb.
     0 | D:1      | Reached XP level 1. HP: 16/16 MP: 1/1
     0 | D:1      | 0 ||| qw: Version: 0.3-a-46-gb1f654a
     0 | D:1      | 0 ||| qw: Game counter: 3551
     0 | D:1      | 0 ||| qw: Melee chars always use a shield: true
     0 | D:1      | 0 ||| qw: God list: Okawaru
     0 | D:1      | 0 ||| qw: Allow faded altars: false
     0 | D:1      | 0 ||| qw: Do Orc after clearing Dungeon:15 true
     0 | D:1      | 0 ||| qw: Do second Lair branch before Depths: true
     0 | D:1      | 0 ||| qw: Lair rune preference: random
     0 | D:1      | 0 ||| qw: Goals: Normal
     0 | D:1      | 0 ||| PLANNING D:1-11
   178 | D:1      | Found a faded altar of an unknown god.
   205 | D:1      | Reached skill level 3 in Ranged Weapons
   261 | D:1      | Reached XP level 2. HP: 23/23 MP: 2/2
   848 | D:1      | 848 ||| READING scroll labelled ZADILU BUTO.
   849 | D:1      | 849 ||| READING scroll labelled GOT SAEGAZY.
   850 | D:1      | 850 ||| READING 2 scrolls labelled JOAKAGUEQU.
   851 | D:1      | 851 ||| DRINKING 2 puce potions.
   852 | D:1      | 852 ||| DROPPING scroll of poison.
   853 | D:1      | 853 ||| DROPPING scroll of revelation.
   873 | D:2      | Reached XP level 3. HP: 29/29 MP: 3/3
  1019 | D:2      | Found The Oracle's Delphic Readings.
  1023 | D:2      | 1023 ||| BUYING scroll of teleportation (30 gold).
  1023 | D:2      | Bought a scroll of teleportation for 30 gold pieces
  1043 | D:2      | 1043 ||| Stepping ~*~*~tactically~*~*~ (outnumbered).
  1045 | D:2      | Reached skill level 4 in Ranged Weapons
  1054 | D:2      | HP: 5/29 [gnoll/+0 spear (3)]
  1055 | D:2      | 1055 ||| READING scroll of teleportation.
  1057 | D:2      | HP: 2/29 [gnoll/+0 spear (4)]
  1180 | D:2      | Reached XP level 4. HP: 36/36 MP: 4/4
  1302 | D:2      | Found an opulent altar of Gozag.
  1641 | D:2      | 1641 ||| UPGRADING to +0 ring mail.
  1651 | D:2      | 1651 ||| DROPPING +0 robe.
  1652 | D:2      | 1652 ||| UPGRADING to ring of resist corrosion.
  1653 | D:2      | 1653 ||| UPGRADING to +4 ring of slaying {mikee}.
  1654 | D:2      | 1654 ||| UPGRADING to ring of see invisible.
  1656 | D:2      | 1656 ||| READING scroll labelled PEUCSE EHUA.
  1657 | D:2      | 1657 ||| READING scroll labelled KOUMISCH IMOSYN.
  1658 | D:2      | 1658 ||| READING scroll labelled DUOPIJ FILEROA.
  1714 | D:3      | Noticed Natasha
  1718 | D:3      | Killed Natasha
  1719 | D:3      | Reached skill level 1 in Armour
  1727 | D:3      | Reached skill level 5 in Ranged Weapons
  1793 | D:3      | Noticed Grinder
  1798 | D:3      | HP: 8/36 [Grinder (3)]
  1799 | D:3      | 1799 ||| READING 2 scrolls of teleportation.
  1800 | D:3      | Paralysed by Grinder for 3 turns
  1804 | D:3      | 1804 ||| READING scroll of teleportation.
  1990 | D:3      | Identified the +2 long sword of the Saviour {drain, Int+7}
  2030 | D:3      | Reached XP level 5. HP: 42/42 MP: 5/5
  2082 | D:3      | Paralysed by Grinder for 3 turns
  2086 | D:3      | Killed Grinder
  2087 | D:3      | Reached XP level 6. HP: 33/57 MP: 6/6
  2441 | D:3      | 2441 ||| READING scroll labelled ENNORH NOWUK.
  2503 | D:4      | 2503 ||| FLEEEEING.
  2504 | D:4      | 2504 ||| FLEEEEING.
  2505 | D:4      | 2505 ||| FLEEEEING.
  2508 | D:4      | 2508 ||| FLEEEEING.
  2509 | D:4      | 2509 ||| DRINKING potion of curing.
  2509 | D:4      | 2509 ||| (to cure confusion)
  2785 | D:4      | Reached skill level 6 in Ranged Weapons
  2851 | D:4      | Identified the +5 short sword of Huuddokhli {vamp, +Blink
                  | rCorr MP+9 Str-5}
  2861 | D:4      | Found a shimmering blue altar of Sif Muna.
  2923 | D:4      | Reached XP level 7. HP: 57/62 MP: 7/7
  3325 | D:4      | 3325 ||| READING scroll labelled OPRIPUL GUGUR.
  3326 | D:4      | 3326 ||| READING scroll labelled LAUFAABUIN.
  3327 | D:4      | 3327 ||| READING scroll labelled XOFRIUTIFO.
  3333 | D:5      | Entered Level 5 of the Dungeon
  3361 | D:5      | Reached skill level 7 in Ranged Weapons
  3452 | D:5      | Noticed Prince Ribbit
  3457 | D:5      | Killed Prince Ribbit
  3458 | D:5      | Reached skill level 8 in Ranged Weapons
  3458 | D:5      | Reached XP level 8. HP: 70/70 MP: 8/8
  3472 | D:5      | Slain by an ogre

Levels and vault maps discovered:
D:1:      nicolae_arrival_somewhat_less_tricky_arrival, layout_basic,
          ebering_ecumenical_altar_mist
D:2:      layout_loops_cross, basic_altar, amcnicky_mini_corridor_feature,
          nicolae_nh_oracle_at_delphi
D:3:      layout_basic, uniq_natasha, uniq_grinder
D:4:      layout_basic, lemuel_tele_altar
D:5:      layout_cave_pools, mainiacjoe_overflow_tiny_flanked,
          serial_bayou_pond_c, uniq_prince_ribbit1

Skill      XL: |  1  2  3  4  5  6  7 |
---------------+----------------------+-----
Ranged Weapons | 3 4 5 6 8 |  8.9
Fighting       | 2 5 |  5.6
Armour         | 1 |  1.8
Dodging        | |  2.1
Spellcasting   | |  1.0
Hexes          | |  2.0

Action                     |  1- 3 |  4- 6 |  7- 9 || total
---------------------------+-------+-------+-------++-------
   Fire: Sling             |   109 |   146 |    49 ||   304
    Use: Scroll            |     4 |     6 |     3 ||    13
         Potion            |     1 |     1 |       ||     2
 Armour: Robe              |     5 |     1 |       ||     6
         Ring mail         |       |    19 |     2 ||    21
  Dodge: Dodged            |    22 |    45 |    17 ||    84

Table legend:
 A = Non-vault XP
 B = Vault XP
 C = Vault XP percentage of total XP
 D = Non-vault monster count
 E = Vault monster count
 F = Vault count percentage of total count
                 A         B        C        D         E       F
            +---------+---------+-------+---------+---------+-------
      Total |     870 |     607 |  41.1 |     114 |       5 |   4.2
            +---------+---------+-------+---------+---------+-------
        D:1 |      39 |       0 |   0.0 |      20 |       0 |   0.0
        D:2 |      92 |       4 |   4.2 |      24 |       2 |   7.7
        D:3 |      79 |     344 |  81.3 |      29 |       2 |   6.5
        D:4 |     319 |       0 |   0.0 |      28 |       0 |   0.0
        D:5 |     341 |     259 |  43.2 |      13 |       1 |   7.1
            +---------+---------+-------+---------+---------+-------
